 Dungeon Crawl Stone Soup version 0.27.0-1-g7a089689b8 (webtiles) character file.

Game seed: 10152179178056013887

101572 SnakkuSnakku7 the Deadly Accurate (level 15, 0/201 HPs)
             Began as a Troll Fire Elementalist on Aug 9, 2021.
             Was the Champion of Hepliaklqana.
             Slain by a large abomination (4 damage)
             ... on level 3 of the Abyss.
             The game lasted 00:33:23 (17094 turns).

SnakkuSnakku7 the Deadly Accurate (TrFE)           Turns: 17094, Time: 00:33:23

Health: 0/201      AC: 31    Str: 20    XL:     15   Next: 83%
Magic:  18/21      EV:  1    Int: 11    God:    Hepliaklqana [******]
Gold:   2077       SH: 17    Dex: 21    Spells: 16/16 levels left

rFire    . . .     SeeInvis .     - Unarmed
rCold    . . .     Faith    .   H - +0 kite shield
rNeg     + + +     Spirit   .   (armour currently unavailable)
rPois    +         Reflect  +   (helmet currently unavailable)
rElec    .         Harm     .   (cloak currently unavailable)
rCorr    .         Rampage  .   (gloves unavailable)
Will     +....     NoTele   +   (boots unavailable)
Stlth    ++........             O - amulet of reflection
HPRegen  1.43/turn              o - +4 ring of protection
MPRegen  0.17/turn              m - +6 ring of dexterity

@: mighty, tree-form, unable to read, hasted, very quick
A: stationary, stasis, torment immunity, boosted hp, reduced essence, large,
unfitting armour, (claws 3), regeneration 1, (shaggy fur 1), (tough skin 1)
a: Renounce Religion, Recall Ancestor, Ancestor Identity, Transference, Idealise


You were on level 3 of the Abyss.
You worshipped Hepliaklqana.
Hepliaklqana was exalted by your worship.
You were a tree.
You visited 4 branches of the dungeon, and saw 23 of its levels.
You visited the Abyss 1 time.

You collected 3855 gold pieces.
You spent 1778 gold pieces at shops.

Inventory:

Hand Weapons
 b - a +7 hand axe of flaming
Missiles
 n - 26 large rocks (quivered)
 B - a throwing net
 J - 3 curare-tipped darts
Armour
 g - a +2 cloak (melded)
 y - a +0 troll leather armour (melded)
 C - the +2 hat of Uskayaw (melded) {Str+4 Dex+2}
   (You acquired it on level 8 of the Dungeon)

   Str:       It affects your strength (+4).
   Dex:       It affects your dexterity (+2).
 H - a +0 kite shield (worn)
Jewellery
 j - a ring of flight
 m - a +6 ring of dexterity (right branch)
 o - a +4 ring of protection (left branch)
 x - a ring of ice
 I - a ring of see invisible
 O - an amulet of reflection (around neck)
Wands
 h - a wand of polymorph (10)
 q - a wand of flame (61)
 E - a wand of acid (8)
 F - a wand of iceblast (9)
 G - a wand of paralysis (17)
Scrolls
 a - a scroll of magic mapping
 c - 2 scrolls of immolation
 e - a scroll of enchant armour
 i - 3 scrolls of fear
 l - 5 scrolls of teleportation
 z - 2 scrolls of silence
 N - 3 scrolls of fog
 P - a scroll of blinking
Potions
 d - 2 potions of lignification
 f - a potion of invisibility {unknown}
 k - a potion of flight
 p - 5 potions of haste
 r - a potion of brilliance {unknown}
 s - 2 potions of mutation
 t - 4 potions of cancellation
 u - a potion of magic {unknown}
 v - 3 potions of berserk rage {unknown}
 w - 4 potions of curing
 A - 2 potions of resistance
 K - a potion of might
 L - a potion of attraction
Miscellaneous
 M - a phantom mirror (inert)


   Skills:
 - Level 10.0 Fighting
 - Level 15.0 Throwing
 - Level 1.3 Armour
 - Level 10.0 Dodging
 - Level 1.0 Stealth
 - Level 9.0 Shields
 + Level 12.6 Unarmed Combat
 - Level 1.2 Spellcasting
 - Level 0.6 Conjurations
 - Level 2.1 Fire Magic
 - Level 10.0 Invocations


You had 16 spell levels left.
You didn't know any spells.
Your spell library contained the following spells:

 Spells                   Type           Power      Damage    Failure   Level
 Foxfire                  Conj/Fire      12%        2x1d4     19%         1
 Shock                    Conj/Air       4%         1d3       28%         1
 Animate Skeleton         Necr           0%         N/A       32%         1
 Apportation              Tloc           0%         N/A       32%         1
 Corona                   Hex            0%         N/A       32%         1
 Pain                     Necr           0%         1d4       32%         1
 Summon Small Mammal      Summ           0%         N/A       32%         1
 Blink                    Tloc           N/A        N/A       43%         2
 Slow                     Hex            0%         N/A       43%         2
 Conjure Flame            Conj/Fire      3%         6-21      47%         3
 Inner Flame              Hex/Fire       3%         N/A       52%         3
 Dazzling Flash           Conj/Hex       2%         N/A       63%         3
 Confusing Touch          Hex            0%         N/A       67%         3
 Frozen Ramparts          Ice            0%         1d2       67%         3
 Lesser Beckoning         Tloc           0%         N/A       67%         3
 Swiftness                Air            0%         N/A       67%         3
 Vampiric Draining        Necr           0%         2d6       67%         3
 Sticky Flame             Conj/Fire      3%         2d3       87%         4
 Iskenderun's Mystic Bla  Conj/Tloc      1%         2d3       95%         4
 Airstrike                Air            0%         N/A       97%         4
 Ice Form                 Ice/Tmut       0%         N/A       97%         4
 Summon Ice Beast         Ice/Summ       0%         N/A       97%         4
 Fireball                 Conj/Fire      1%         3d3       99%         5
 Agony                    Necr           0%         N/A       100%        5
 Alistair's Intoxication  Tmut/Pois      0%         N/A       100%        5
 Borgnjor's Vile Clutch   Necr/Erth      0%         N/A       100%        5
 Excruciating Wounds      Necr           0%         N/A       100%        5
 Iskenderun's Battlesphe  Conj           2%         2d6       100%        5
 Manifold Assault         Tloc           0%         N/A       100%        5
 Conjure Ball Lightning   Conj/Air       0%         3x3d6     100%        6
 Eringya's Noxious Bog    Tmut/Pois      0%         N/A       100%        6
 Starburst                Conj/Fire      1%         8x6d3     100%        6
 Orb of Destruction       Conj           1%         N/A       100%        7


Dungeon Overview and Level Annotations

Branches:
Dungeon (14/15)            Temple (1/1) D:4            Lair (6/6) D:11
 Shoals (0/4) Lair:4       Spider (0/4) Lair:4        Slime (0/5) Lair:5
    Orc (2/2) D:12            Elf (0/3) Orc:2
 Vaults: D:13-14

Altars:
Ashenzari
Cheibriados
Dithmenos
Elyvilon
Fedhas
Gozag
Hepliaklqana
Kikubaaqudgha
Makhleb
Nemelex Xobeh
Okawaru
Qazlal
Ru
Sif Muna
Trog
Uskayaw
Vehumet
Wu Jian
Xom
Yredelemnul
Zin
The Shining One
Beogh
Jiyva

Shops:
D:8 [   D:9 !   D:11 *   D:12 (   Orc:2 :(!:

Annotations:
D:10 2 transporters
Lair:4 exclusion: 4 oklob plants
Lair:5 1 runed translucent door, exclusion: 2 oklob plants


Innate Abilities, Weirdness & Mutations

You are a tree.
Your roots penetrate the ground, keeping you stationary.
You cannot be teleported.
You are immune to unholy pain and torment.
Your maximum health is greatly increased.
Your equipment is partially melded.
Your life essence is reduced to manifest your ancestor. (-10% HP)
You are too large for most types of armour.
((You have claws for hands.))
Your natural rate of healing is unusually fast.
((You are covered in fur. (AC +1)))
((You have tough skin. (AC +1)))


Message History

You pummel the draconian!!
The draconian is severely wounded.
Your quicksilver dragon completely misses the green draconian shifter.
Your quicksilver dragon claws the green draconian shifter but does no damage.
The large abomination hits you!!
* * * LOW HITPOINT WARNING * * *
You block the draconian's attack.
Unknown command.
You feel better.
Your quicksilver dragon shimmers and vanishes!
The small abomination completely misses you.
The draconian hits you with a +0 club.
* * * LOW HITPOINT WARNING * * *
Unknown command.
You hit the large abomination but do no damage.
You block the small abomination's attack.
The green draconian shifter gestures at you while chanting.
You feel a strange sense of stasis.
The large abomination hits you but does no damage.
The draconian hits you but does no damage.
The draconian hits you with a +0 club.
* * * LOW HITPOINT WARNING * * *
Unknown command.
You completely miss the large abomination.
The small abomination completely misses you.
The green draconian shifter blinks!
Unknown command.
Unknown command.
You pummel the large abomination!!
The large abomination is severely damaged.
The large abomination hits you!!
* * * LOW HITPOINT WARNING * * *
The draconian hits you but does no damage.
The small abomination hits you but does no damage.
The draconian hits you but does no damage.
You hit the large abomination.
The large abomination is severely damaged.
You block the small abomination's attack.
The large abomination hits you.
You die...

.# .# . . .
#. ... . #...
# # ... . ...
.####. # . #.
....# # ##
#©.©# # # . #
##### . ..
#######......
#d♣2..#.... .
. +xdX..'....
#.....#q... #
####### .. .
+φ+ . # ###


d You could see a green draconian shifter (drained), 2 draconians, a large
abomination, a hellion and a small abomination.

Vanquished Creatures
  Jorgrun (D:11)
  A quicksilver dragon (Abyss:3)
  An orc warlord (Orc:2)
  An angel (Abyss:3)
  A stone giant (Orc:2)
  A draconian stormcaller (Abyss:3)
  Azrael (D:13)
  The ghost of Irhican the Severer, a journeyman MiBe of Trog (Lair:3)
  An ettin (Orc:2)
  A boulder beetle (Lair:5)
  Fannar (Lair:1)
  10 hydras
  2 ogre magi (Orc:2)
  Erica (Lair:1)
  A catoblepas (Lair:4)
  6 death yaks
  4 centaur warriors
  9 two-headed ogres
  Urug (D:13)
  A wretched star (Abyss:3)
  Sonja (D:10)
  An iron troll (Orc:2)
  4 skeletal warriors (D:11)
  2 goliath frogs (Lair:6)
  A deep troll (Orc:2)
  A lindwurm (Lair:6)
  2 orc knights
  3 orc sorcerers (Orc:2)
  A deep elf pyromancer (D:12)
  4 cyclopes
  3 ugly things (D:12)
  A salamander (shapeshifter) (D:13)
  A draconian (Abyss:3)
  A manticore (Lair:6)
  17 elephants
  4 black mambas
  3 merfolk sirens (Lair:4)
  A smoke demon (Abyss:2)
  2 gargoyles
  2 ice statues (Lair:3)
  The ghost of MeatGrinder the Chopper, a novice HuBe of Trog (D:6)
  2 rime drakes
  18 cane toads
  11 komodo dragons
  A tengu conjurer (D:14)
  5 kobold demonologists (D:11)
  An efreet (D:14)
  A merfolk (Lair:4)
  10 trolls
  A jumping spider (Lair:4)
  Prince Ribbit (D:5)
  2 tyrant leeches (Lair:6)
  18 blink frogs
  Sigmund (D:5)
  A centaur simulacrum (D:12)
  2 redbacks (Lair:4)
  2 shadows
  2 wraiths
  2 vampires
  5 wyverns
  39 yaks
  2 steam dragons
  Grum (D:10)
  2 fire elementals (D:13)
  3 basilisks
  A chaos spawn (Abyss:2)
  9 vampire mosquitoes
  Menkaure (D:7)
  A hell hound (D:13)
  12 water moccasins
  2 black bears
  5 ice beasts
  2 sky beasts
  17 orc warriors
  A small abomination (Abyss:2)
  18 ogres
  11 wolves
  2 phantoms
  3 centaurs
  2 kobold brigands
  13 bullfrogs
  2 gnoll sergeants
  3 scorpions
  A troll zombie (D:12)
  14 killer bees
  A vampire bat (D:3)
  4 howler monkeys
  2 electric eels
  A jelly (D:8)
  A bullfrog zombie (D:5)
  3 centaur zombies
  5 orc priests
  Crazy Yiuf (D:4)
  A gnoll shaman (D:7)
  2 hounds
  A bullfrog skeleton (D:6)
  4 iguanas
  5 orc wizards
  6 ogre zombies (D:12)
  3 hexers
  A hound skeleton (D:4)
  2 howler monkey zombies
  12 gnolls
  5 adders
  A howler monkey skeleton (D:6)
  A shadow imp (D:6)
  A white imp (D:8)
  An adder skeleton (D:4)
  3 worms
  3 fire bats (D:3)
  38 orcs
  2 spectral bats (D:3)
  13 bats
  3 bat skeletons (D:3)
  A bat zombie (D:3)
  5 endoplasms
  4 giant cockroaches
  4 goblins
  4 hobgoblins
  6 jackals
  14 kobolds
  2 quokkas (D:3)
  3 ball pythons
  A bat simulacrum (D:3)
  3 frilled lizards
  2 goblin zombies (D:12)
  A hobgoblin skeleton (D:12)
  2 hobgoblin zombies (D:12)
  18 orc zombies (D:12)
  5 rats
556 creatures vanquished.

Vanquished Creatures (collateral kills)
  4 hydras
  A death yak (Lair:6)
  An orc sorcerer (Orc:1)
  2 ugly things (D:13)
  A cyclops (D:13)
  An elephant (Lair:3)
  A rime drake (Lair:4)
  2 trolls (Orc:2)
  6 blink frogs
  A wyvern (Lair:6)
  2 yaks (Lair:5)
  A basilisk (D:14)
  2 fire elementals (D:13)
  2 vampire mosquitoes (Lair:6)
  A warg (Orc:2)
  A water moccasin (Lair:3)
  3 wolves (Lair:3)
  3 ogres
  A bullfrog (Lair:6)
  2 killer bees (D:11)
  A centaur skeleton (D:7)
  3 orc priests
  4 orc wizards
  An ogre zombie (D:12)
  2 gnolls
  An adder (D:6)
  7 orcs
  A goblin zombie (D:12)
  An orc zombie (D:12)
  A butterfly (Lair:4)
60 creatures vanquished.

Vanquished Creatures (others)
  An unseen horror (D:13)
  18 hexers
  A ball python (D:4)
  23 fungi
  A lurking horror (Abyss:3)
  99 plants
143 creatures vanquished.

Grand Total: 759 creatures vanquished

Notes
Turn   | Place    | Note
-------+----------+-------------------------------------------
     0 | D:1      | SnakkuSnakku7 the Troll Fire Elementalist began the quest
                  | for the Orb.
     0 | D:1      | Reached XP level 1. HP: 16/16 MP: 1/1
   167 | D:1      | Reached skill level 1 in Unarmed Combat
   198 | D:1      | Reached XP level 2. HP: 24/24 MP: 2/2
   708 | D:2      | Reached skill level 1 in Fighting
   738 | D:2      | Reached XP level 3. HP: 33/33 MP: 3/3
  1382 | D:3      | Reached XP level 4. HP: 42/42 MP: 4/4
  1479 | D:3      | Found a faded altar of an unknown god.
  1799 | D:3      | Reached XP level 5. HP: 50/50 MP: 5/5
  2383 | D:4      | Reached XP level 6. HP: 45/61 MP: 6/6
  2406 | D:4      | Found a staircase to the Ecumenical Temple.
  2422 | Temple   | Entered the Ecumenical Temple
  2464 | Temple   | Became a worshipper of Hepliaklqana the Forgotten
  2552 | D:4      | Found a runed translucent door.
  2553 | D:4      | Noticed Crazy Yiuf
  2563 | D:4      | Killed Crazy Yiuf
  2826 | D:5      | Entered Level 5 of the Dungeon
  2829 | D:5      | Noticed a sky beast
  2840 | D:5      | Killed a sky beast
  2841 | D:5      | Reached skill level 5 in Unarmed Combat
  2860 | D:5      | Noticed Sigmund
  2873 | D:5      | Killed Sigmund
  2874 | D:5      | Reached XP level 7. HP: 43/71 MP: 7/7
  3121 | D:5      | Noticed Prince Ribbit
  3129 | D:5      | Found a stormy altar of Qazlal.
  3139 | D:5      | Killed Prince Ribbit
  3140 | D:5      | Reached skill level 5 in Fighting
  3140 | D:5      | Reached XP level 8. HP: 36/80 MP: 8/8
  3143 | D:5      | Noticed an air elemental
  3206 | D:5      | Found a sacrificial altar of Ru.
  3477 | D:5      | Noticed a troll
  3493 | D:5      | Killed a troll
  3687 | D:6      | Reached * piety under Hepliaklqana
  3778 | D:6      | Found an opulent altar of Gozag.
  3903 | D:6      | Found an ornate altar of the Wu Jian Council.
  3922 | D:6      | Found a basalt altar of Yredelemnul.
  4118 | D:6      | Found an iron altar of Okawaru.
  4118 | D:6      | Found a blossoming altar of Fedhas.
  4118 | D:6      | Found a sparkling altar of Nemelex Xobeh.
  4197 | D:6      | Found a runed translucent door.
  4206 | D:6      | Noticed MeatGrinder's ghost (novice HuBe)
  4224 | D:6      | Killed MeatGrinder's ghost
  4225 | D:6      | Reached skill level 10 in Unarmed Combat
  4225 | D:6      | Reached XP level 9. HP: 68/79 MP: 9/9
  4544 | D:7      | Found a radiant altar of Vehumet.
  4546 | D:7      | Found a broken altar of Ashenzari.
  4548 | D:7      | Found a white marble altar of Elyvilon.
  4562 | D:7      | Noticed Menkaure
  4570 | D:7      | Killed Menkaure
  4586 | D:7      | Reached ** piety under Hepliaklqana
  4587 | D:7      | Remembered your ancestor PoliTank-Z as a hexer
  5101 | D:7      | Found a glowing golden altar of the Shining One.
  5220 | D:8      | Found Ekhuavue's Armour Emporium.
  5252 | D:8      | Reached XP level 10. HP: 54/88 MP: 10/10
  5365 | D:8      | Identified 2 scrolls of acquirement
  5365 | D:8      | Acquired the +2 hat of Uskayaw {Str+4 Dex+2}
  5373 | D:8      | Acquired 723 gold pieces
  5501 | D:8      | Reached *** piety under Hepliaklqana
  6006 | D:8      | Identified the +2 robe "Pujir" {Regen+ Dex+4}
  6222 | D:9      | Noticed a two-headed ogre
  6237 | D:9      | Killed a two-headed ogre
  6378 | D:9      | Found Zijuihurchi's Distillery.
  6387 | D:9      | Bought a potion of degeneration for 17 gold pieces
  6389 | D:9      | Bought a potion of haste for 170 gold pieces
  6389 | D:9      | Bought a potion of haste for 170 gold pieces
  6389 | D:9      | Bought a potion of haste for 170 gold pieces
  6389 | D:9      | Bought a potion of curing for 51 gold pieces
  6389 | D:9      | Bought a potion of mutation for 136 gold pieces
  6389 | D:9      | Bought a potion of mutation for 136 gold pieces
  6857 | D:10     | Entered Level 10 of the Dungeon
  6882 | D:10     | Reached XP level 11. HP: 99/105 MP: 11/11
  6955 | D:10     | Noticed a boulder beetle
  6998 | D:10     | Acquired a manual of Throwing
  7008 | D:10     | Reached **** piety under Hepliaklqana
  7062 | D:10     | Reached skill level 1 in Shields
  7080 | D:10     | Noticed a deep elf knight
  7083 | D:10     | Found a transporter.
  7086 | D:10     | Noticed a fire crab
  7109 | D:10     | Noticed Grum
  7124 | D:10     | Killed Grum
  7368 | D:10     | Noticed Sonja
  7374 | D:10     | Killed Sonja
  7477 | D:10     | Found a transporter.
  7571 | D:10     | Noticed a deep elf knight
  7674 | D:11     | Noticed a skeletal warrior
  7691 | D:11     | Killed a skeletal warrior
  7692 | D:11     | Reached skill level 5 in Shields
  7710 | D:11     | Noticed a skeletal warrior
  7710 | D:11     | Noticed a skeletal warrior
  7711 | D:11     | Noticed a skeletal warrior
  7812 | D:11     | Killed a skeletal warrior
  7855 | D:11     | Killed a skeletal warrior
  7997 | D:11     | Killed a skeletal warrior
  8045 | D:11     | Found a staircase to the Lair.
  8055 | D:11     | Noticed a four-headed hydra
  8063 | D:11     | Killed a one-headed hydra
  8079 | D:11     | Noticed a sun demon
  8083 | D:11     | Noticed a soul eater
  8083 | D:11     | Noticed a sixfirhy
  8094 | Lair:1   | Entered Level 1 of the Lair of Beasts
  8123 | Lair:1   | Noticed Fannar
  8150 | Lair:1   | Killed Fannar
  8184 | D:11     | Reached XP level 12. HP: 101/113 MP: 12/12
  8251 | D:11     | Noticed a four-headed hydra
  8258 | D:11     | Killed a one-headed hydra
  8259 | D:11     | Reached skill level 10 in Fighting
  8293 | D:11     | Found Marghod's General Store.
  8309 | D:11     | Bought a potion of cancellation for 128 gold pieces
  8309 | D:11     | Bought a potion of might for 64 gold pieces
  8309 | D:11     | Bought a wand of paralysis (10) for 192 gold pieces
  8429 | Lair:1   | Noticed Erica
  8543 | Lair:1   | Noticed a four-headed hydra
  8551 | Lair:1   | Killed a one-headed hydra
  8580 | Lair:1   | Reached ***** piety under Hepliaklqana
  8785 | Lair:1   | Killed Erica
  9189 | Lair:2   | Acquired 749 gold pieces
  9258 | Lair:2   | Reached skill level 5 in Dodging
  9788 | Lair:3   | Noticed a five-headed hydra
  9811 | Lair:3   | Killed a two-headed hydra
  9905 | Lair:3   | Noticed an eight-headed hydra
  9917 | Lair:3   | Killed a one-headed hydra
 10012 | Lair:3   | Found a transporter.
 10013 | Lair:3   | Noticed Irhican's ghost (journeyman MiBe)
 10018 | Lair:3   | Noticed a five-headed hydra
 10336 | Lair:3   | Noticed an eight-headed hydra
 10348 | Lair:3   | Found a transporter.
 10742 | Lair:4   | Reached XP level 13. HP: 119/119 MP: 13/13
 10891 | Lair:4   | Found a staircase to the Shoals.
 11183 | Lair:4   | Found a hole to the Spider Nest.
 11209 | Lair:4   | Reached ****** piety under Hepliaklqana
 11343 | Lair:4   | Reached skill level 10 in Dodging
 11343 | Lair:4   | Reached skill level 1 in Invocations
 11628 | Lair:5   | Found a runed translucent door.
 11628 | Lair:5   | Found a viscous altar of Jiyva.
 11652 | Lair:5   | Reached skill level 5 in Invocations
 11682 | Lair:5   | Found a staircase to the Slime Pits.
 11682 | Lair:5   | Noticed an acid blob
 12171 | Lair:5   | Found an ornate altar of the Wu Jian Council.
 12171 | Lair:5   | Found a hide-covered altar of Uskayaw.
 12425 | Lair:6   | Entered Level 6 of the Lair of Beasts
 12636 | Lair:6   | Reached XP level 14. HP: 106/128 MP: 19/19
 12842 | Lair:6   | Reached skill level 10 in Invocations
 12854 | Lair:6   | Reached skill level 1 in Armour
 12927 | Lair:6   | Reached skill level 1 in Throwing
 12944 | Lair:6   | Reached skill level 2 in Throwing
 13014 | Lair:6   | Reached skill level 3 in Throwing
 13092 | Lair:6   | Reached skill level 4 in Throwing
 13126 | Lair:6   | Reached skill level 5 in Throwing
 13213 | Lair:6   | Reached skill level 6 in Throwing
 13228 | Lair:6   | Reached skill level 7 in Throwing
 13700 | Lair:3   | Reached skill level 8 in Throwing
 13800 | Lair:3   | Reached skill level 9 in Throwing
 13812 | Lair:3   | Killed Irhican's ghost
 13839 | Lair:3   | Identified the +5 long sword of Starshine {spect, rN+ Str+3
                  | Int-3 Dex+4}
 13959 | D:12     | Noticed Jorgrun
 13972 | D:11     | Killed Jorgrun
 13973 | D:11     | Reached skill level 10 in Throwing
 13998 | D:12     | Reached skill level 11 in Throwing
 14066 | D:12     | Found a staircase to the Orcish Mines.
 14209 | D:12     | Found Alagi's Antique Weapon Shoppe.
 14717 | Orc:1    | Entered Level 1 of the Orcish Mines
 14756 | Orc:1    | Reached skill level 12 in Throwing
 15207 | Orc:2    | Entered Level 2 of the Orcish Mines
 15233 | Orc:2    | Reached XP level 15. HP: 134/134 MP: 21/21
 15270 | Orc:2    | Paralysed by an orc sorcerer for 2 turns
 15408 | Orc:2    | Found a staircase to the Elven Halls.
 15529 | Orc:2    | Noticed an orc warlord
 15571 | Orc:2    | Killed an orc warlord
 15599 | Orc:2    | Reached skill level 13 in Throwing
 15774 | Orc:2    | Found Apeylod's Book Emporium.
 15775 | Orc:2    | Found Feajiner's Distillery.
 15793 | Orc:2    | Found Ruasch's Weapon Boutique.
 15801 | Orc:2    | Reached skill level 14 in Throwing
 15801 | Orc:2    | Found Urehod's Book Emporium.
 15894 | Orc:2    | Bought a potion of might for 68 gold pieces
 15894 | Orc:2    | Bought a potion of haste for 170 gold pieces
 15894 | Orc:2    | Bought a potion of resistance for 170 gold pieces
 15894 | Orc:2    | Bought a potion of cancellation for 136 gold pieces
 16103 | D:13     | Noticed Azrael
 16118 | D:13     | Killed Azrael
 16473 | D:13     | Noticed Urug
 16487 | D:13     | Killed Urug
 16883 | D:14     | Reached skill level 15 in Throwing
 16918 | D:14     | Cast into level 2 of the Abyss (a wizard)
 16994 | Abyss:3  | Identified the +2 plate armour of Inference {rC+}
 17023 | Abyss:3  | Found a transporter.
 17055 | Abyss:3  | Noticed a quicksilver dragon
 17074 | Abyss:3  | Killed a quicksilver dragon
 17093 | Abyss:3  | HP: 3/201 [large abomination (18)]
 17094 | Abyss:3  | Slain by a large abomination

Illustrated notes

Levels and vault maps discovered:
D:1:      dpeg_arrival_stone_temple_mockup, layout_loops_ring,
          serial_bayou_lake_a
D:2:      layout_loops_cross
D:3:      layout_basic, hellmonk_ecumenical_altar_leap_of_faith, goddamned_bats
D:4:      layout_rooms, minmay_temple_entry_grid, lemuel_old_faithful,
          uniq_crazy_yiuf_cottage
D:5:      kennysheep_spiral_hall, layout_loops_ring,
          nicolae_qazlal_style_of_elements,
          mainiacjoe_overflow_concentric_impassable,
          chequers_serial_rivers_small_b, roderic_roman_lattice,
          minmay_misc_feat_doors, uniq_sigmund, uniq_prince_ribbit1
D:6:      black_bear_nest_2, layout_cave_pods, gammafunk_temple_overflow_claw,
          old_standard_altar, mainiacjoe_overflow_large_starburst,
          ebering_ghost_reflecting_pool
D:7:      layout_cave_pools, nicolae_tso_swordbearing_angel,
          gammafunk_temple_overflow_forgotten, uniq_menkaure
D:8:      layout_basic, kennysheep_windowed_goal
D:9:      layout_basic, serial_shops,
          nicolae_shop_temple_entry_statues_fountains, minmay_fractal_squares_5
D:10:     gammafunk_wand_slinger, layout_stronghold, uniq_grum, uniq_sonja
D:11:     layout_rooms, lair_entry_dummy, serial_shops, nicolae_shop_crystal
D:12:     layout_gridville, zombieorc2_lemuel, serial_shops,
          nicolae_inconvenience_store, uniq_jorgrun
D:13:     layout_cave_pods, uniq_urug, uniq_azrael
D:14:     minmay_the_grid_square_5x5_3x3 [minmay_the_grid_square_5x5_c,
          minmay_the_grid_square_5x5_inset, minmay_the_grid_square_5x5_bite,
          minmay_the_grid_square_5x5_seven,
          minmay_the_grid_square_5x5_megaprize_diamond,
          minmay_the_grid_square_5x5_six, minmay_the_grid_square_5x5_hourglass,
          minmay_the_grid_square_5x5_doubleslash,
          minmay_the_grid_square_5x5_eight], layout_grid_maze, david_vaults_5
Temple:   jpeg_temple_alley_garden
Lair:1:   layout_loops_ring, uniq_fannar, uniq_erica
Lair:2:   layout_gridlike
Lair:3:   layout_cave_pods, nzn_ghost_randoct
Lair:4:   layout_hall_layers, elwin_shoals_entry_stream,
          spider_nest_entry_funnel_web, nicolae_lair_yak_garden,
          serial_bayou_shore_a, minmay_lair_oklob_chamber, lemuel_fruit_fields
Lair:5:   dpeg_oklob_gauntlet, layout_long_grid, slime_altar_2,
          nzn_masters_of_martial_movement
Lair:6:   minmay_lair_end_frog_pond, layout_regular_city
Orc:1:    layout_caves, mines1_david
Orc:2:    st_orc_open, layout_diamond_mine
Abyss:3:  base: D:7, gammafunk_abyss_rune_reverse_zot, minivault_24

Skill      XL: |  1  2  3  4  5  6  7  8  9 10 11 12 13 14 15 |
---------------+----------------------------------------------+-----
Unarmed Combat | 1 2 3 4 5 6 10 12 | 12.6
Fighting       | 1 2 3 4 5 6 9 10 | 10.0
Shields        | 8 9 |  9.0
Dodging        | 8 10 | 10.0
Invocations    | 8 10 | 10.0
Armour         | 1 |  1.3
Throwing       | 12 15 | 15.0
Stealth        | |  1.0
Spellcasting   | |  1.2
Conjurations   | |  0.6
Fire Magic     | |  2.1

Action                   |  1- 3 |  4- 6 |  7- 9 | 10-12 | 13-15 || total
-------------------------+-------+-------+-------+-------+-------++-------
Melee: Unarmed           |   115 |   183 |   248 |   536 |  1079 ||  2161
       Punch             |       |     3 |    10 |    23 |       ||    36
       Hand axe          |       |       |       |    24 |    46 ||    70
Invok: Ancestor Identity |       |       |     2 |       |       ||     2
       Ancestor Life: He |       |       |     1 |       |       ||     1
       Recall Ancestor   |       |       |       |     2 |     2 ||     4
Evoke: Wand              |       |       |       |     3 |       ||     3
       Phantom mirror    |       |       |       |       |     1 ||     1
  Use: Scroll            |       |     3 |     1 |    25 |     6 ||    35
       Potion            |       |       |       |       |     8 ||     8
 Stab: Sleeping          |     1 |     5 |       |     4 |     4 ||    14
       Distracted        |       |       |       |     6 |    17 ||    23
       Confused          |       |       |       |     5 |    10 ||    15
       Paralysed         |       |       |       |     1 |    10 ||    11
       Petrified         |       |       |       |       |    13 ||    13
Armor: Robe              |    32 |   127 |    21 |       |       ||   180
       Troll leather arm |       |       |    78 |   169 |   228 ||   475
       Skin              |       |       |       |       |    23 ||    23
Dodge: Dodged            |    42 |   170 |   191 |   253 |   489 ||  1145
Block: Kite shield       |       |       |       |   154 |   801 ||   955
       Reflection        |       |       |       |       |    20 ||    20
